Cogmind - Beta 13 *** ADVENTURER MODE // 2024.07.21 @ 19:29:31 Player: AnotherZach Result: Destroyed by Y-54 Guardian with Gatling Laser Performance ------------- Evolutions (0) 0 Regions Visited (3) 600 Robots Destroyed (61) 305 Value Destroyed (1219) 1219 Prototype IDs (0) 0 Alien Tech Used (0) 0 Bonus (0) 0 TOTAL SCORE: 2124 Bonus ------- None Cogmind --------- Core Integrity 0/250 Matter 265/300 Energy 290/290 System Corruption 2% Temperature Warning (333) Movement Rolling (145) Ox3 Location -7/Recycling Parts ------- > --- POWER (1) -------- Improved Deuterium Engine > --- PROPULSION (2) --- Compact Wheel Compact Wheel > --- UTILITY (2) ------ Improved Heat Sink Huge Storage Unit > --- WEAPON (2) ------- Gatling Laser Battle Cannon > --- INVENTORY (25) --- Light Nuclear Core Compact Wheel Compact Wheel Scrap Engine Improved Heat Sink Large Storage Unit High-capacity Storage Unit Medium Battery (150) Medium Matter Pod (100) Core Analyzer Improved Weapon Shielding Improved Weapon Shielding Improved Light Armor Plating System Shield Heavy Riot Gun Heavy Riot Gun Subdweller Machine Gun Gauss Rifle Grenade Launcher Grenade Launcher Peak State ------------ > --- POWER ------------ Improved Deuterium Engine > --- PROPULSION ------- Compact Wheel Compact Wheel > --- UTILITY ---------- Improved Heat Sink Huge Storage Unit > --- WEAPON ----------- Gatling Laser Gauss Rifle > --- INVENTORY -------- Light Nuclear Core Compact Wheel Scrap Engine Large Storage Unit High-capacity Storage Unit Medium Battery Medium Matter Pod Visual Processing Unit Seismic Detector Core Analyzer Core Shielding Makeshift Light Armor Plating Hacking Suite Corruption Screen Heavy Riot Gun Heavy Riot Gun Subdweller Machine Gun Battle Cannon Battle Cannon Grenade Launcher Grenade Launcher Grenade Launcher [Rating: 24] Favorites ----------- Power Light Nuclear Core Engine Ion Engine Power Core Light Nuclear Core Propulsion Light Treads Treads Light Treads Wheel Compact Wheel Utility Large Storage Unit Device Improved Heat Sink Storage Large Storage Unit Processor Targeting Computer Hackware Hacking Suite Protection Core Shielding Weapon Light Cannon Energy Gun Gatling Laser Ballistic Gun Light Assault Rifle Ballistic Cannon Light Cannon Launcher Grenade Launcher Build | -11 -10 -10 -7 ------- Run | Yrd Mat Sub Rec Slots Evolved . | . . . . Power . | . . . . Propulsion . | . . . . Utility . | . . . . Weapon . | . . . . Parts Attached 52 | 7 13 16 16 Power 4 | 1 1 1 1 Engine 3 | 1 1 . 1 Core 1 | . . 1 . Reactor . | . . . . Propulsion 12 | 2 4 3 3 Treads 3 | . 2 1 . Leg . | . . . . Wheel 9 | 2 2 2 3 Hover . | . . . . Flight . | . . . . Utility 13 | 2 4 2 5 Device 4 | 1 1 . 2 Storage 4 | 1 1 . 2 Processor 1 | . . 1 . Hackware 1 | . . . 1 Protection 3 | . 2 1 . Artifact . | . . . . Weapon 23 | 2 4 10 7 Energy Gun 4 | . 1 . 3 Energy Cannon . | . . . . Ballistic Gun 7 | 2 1 3 1 Ballistic Cannon 6 | . 1 2 3 Launcher 6 | . 1 5 . Special Weapon . | . . . . Impact Weapon . | . . . . Slashing Weapon . | . . . . Piercing Weapon . | . . . . Special Melee Weapon . | . . . . Unidentified Prototypes . | . . . . Parts Lost 2 | . . . 2 Power . | . . . . Propulsion 1 | . . . 1 Utility . | . . . . Weapon 1 | . . . 1 Highest Loss Streak 2 | . . . 2 To Critical Strikes . | . . . . Average Slot Usage (%) 99 | . 99 99 100 Engine 8 | . 14 2 10 Core 5 | . . 11 3 Treads 15 | . 13 27 . Wheel 12 | . 14 . 28 Device 2 | . 4 . 5 Storage 14 | . 14 14 14 Processor 3 | . . 8 . Hackware 1 | . . . 6 Protection 5 | . 9 5 1 Energy Gun 8 | . 6 2 19 Ballistic Gun 7 | . 14 5 3 Ballistic Cannon 9 | . 6 14 4 Launcher 2 | . . 6 . Naked Turns . | . . . . Heaviest Build 99 | 12 33 33 99 Greatest Support 40 | 32 40 40 40 Greatest Overweight (x) 3 | . 1 . 3 Average Overweight (x) . | . . . 2 Largest Inventory Capacity 25 | 8 15 15 25 Average Capacity 17 | 7 14 15 24 Most Carried 25 | 8 15 15 25 Average Carried 16 | 4 14 14 23 Final Capacity 25 | 8 15 15 25 Final Carried 21 | 8 15 15 21 Class Distribution -------------------- 78% | Mutant 13% | Hacker-Mutant 8% | Scavenger-Mutant Dominant Class ---------------- Mutant | -10/Materials Mutant | -10/Subcaves Hacker-Mutant | -7/Recycling Resources | -11 -10 -10 -7 ----------- Run | Yrd Mat Sub Rec Matter Collected 1775 | 314 491 486 484 Remotely . | . . . . Salvage Created 2859 | 148 757 399 1555 Parts 135 | 11 56 27 41 Haulers Intercepted 1 | . 1 . . Recyclers Shooed 5 | . 1 . 4 Parts Field Recycled . | . . . . Retrieved Matter . | . . . . Parts Self-Destructed 8 | . . 8 . Prevented . | . . . . Kills | -11 -10 -10 -7 ------- Run | Yrd Mat Sub Rec Combat Hostiles Destroyed 31 | . 12 16 3 Guns 17 | . 10 5 2 Cannons 9 | . 2 7 . AOE 4 | . . 4 . Classes Destroyed 12 | 3 5 3 1 Worker 5 | 2 3 . . Builder 2 | . 1 . 1 Tunneler 2 | 2 . . . Hauler 1 | . 1 . . Recycler 15 | 1 2 . 12 Turret 2 | . . 2 . Watcher 3 | . 3 . . Swarmer 9 | . 6 3 . Grunt 8 | . 6 2 . Sentry 3 | . . . 3 Cobbler 1 | . . 1 . Subdweller 11 | . . 11 . Best Kill Streak 8 | 2 8 5 8 Combat Bots Only 6 | . 6 3 1 Max Kills in Single Turn 2 | 1 2 2 1 Gunslinging 1 | . 1 . . Exploded 2 | . . 2 . Melee . | . . . . Uniques/NPCs Destroyed . | . . . . Combat | -11 -10 -10 -7 -------- Run | Yrd Mat Sub Rec Hostile Shots Fired 258 | . 35 94 129 Missed 114 | . 9 43 62 Damage Taken 1149 | . 242 514 393 Core 251 | . 55 113 83 Absorbed by Shields . | . . . . Redirected to Shielding 15 | . . 15 . Ignored by Resistances 361 | . 77 151 133 Regen/Repaired (Parts) 34 | . 34 . . Core Remaining (%) 100 | 100 . . . Volleys Fired 156 | 11 39 58 48 Largest 2 | 2 2 2 2 Hottest 160 | 40 75 78 160 Shots Fired 299 | 22 78 109 90 Gun 195 | 22 65 40 68 Cannon 90 | . 13 55 22 Launcher 14 | . . 14 . Special . | . . . . Kinetic 197 | 22 65 80 30 Thermal 38 | . . . 38 Explosive 14 | . . 14 . Electromagnetic 50 | . 13 15 22 Robot Hit Streak 29 | 12 15 29 22 Robot Miss Streak 2 | 1 1 2 2 Penetration Max . | . . . . Secondary Targets 2 | . 2 . . Max Gunslinging Chain 1 | . 1 . . Shots Hit Robots 236 | 16 58 85 77 Core Hits 124 | 6 33 36 49 Critical Kills . | . . . . Critical Parts Destroyed . | . . . . Critical Strikes 2 | . 1 1 . Blast 1 | . . 1 . Corrupt 1 | . 1 . . Melee Attacks . | . . . . Impact . | . . . . Slashing . | . . . . Piercing . | . . . . Sneak Attacks . | . . . . Combat Hostiles . | . . . . Follow-up Attacks . | . . . . Damage Inflicted 4350 | 166 661 1785 1738 Guns 2769 | 166 541 664 1398 Cannons 1200 | . 120 779 301 Explosions 381 | . . 342 39 Melee . | . . . . Ramming . | . . . . Kinetic 2367 | 166 520 1278 403 Thermal 924 | . . . 924 Explosive 342 | . . 342 . Electromagnetic 717 | . 141 165 411 Impact . | . . . . Slashing . | . . . . Piercing . | . . . . Highest Corruption 2 | . 1 1 2 Average Corruption 1 | . 1 1 1 Corruption Purged . | . . . . Corruption Blocked . | . . . . Effects 35 | . 9 12 14 Message Errors 9 | . 1 2 6 Matter Fused 12 | . 3 6 3 Heat Flow Errors 2 | . 1 . 1 Energy Discharges 3 | . 1 1 1 Data Loss (minor) 1 | . 1 . . Data Loss (major) 2 | . . 1 1 Misfires 1 | . 1 . . Alerts 3 | . . 2 1 Weapon Failures 2 | . 1 . 1 Overload Shots . | . . . . Overflow Damage 19 | . . 3 16 Projectiles 8 | . . . 8 Explosions 11 | . . 3 8 Melee . | . . . . Knockbacks 7 | . 2 2 3 Impact . | . . . . Kinetic 7 | . 2 2 3 Secondary . | . . . . Self-Inflicted Damage . | . . . . Shots . | . . . . Rammed . | . . . . Targets Rammed . | . . . . Kicked . | . . . . Crushed . | . . . . Highest Temperature 343 | . 279 6 343 Average Temperature 105 | . 76 6 118 Received Heat Transfer 402 | . 81 153 168 Effects 3 | . . . 3 Energy Bleed 3 | . . . 3 Siege Activations . | . . . . Robots Corrupted . | . . . . Combat Hostiles . | . . . . Parts Fried . | . . . . Impact Corruptions . | . . . . Robots Melted 1 | . . . 1 Combat Hostiles 1 | . . . 1 Parts Melted 5 | . . . 5 Heat Transferred 2050 | . . . 2050 Parts Sabotaged . | . . . . Parts Stolen . | . . . . Parts Stripped . | . . . . Power Chain Reactions 1 | . . . 1 Alert | -11 -10 -10 -7 ------- Run | Yrd Mat Sub Rec Peak Influence 330 | 25 171 . 330 Initial 201 | . 13 . 201 Average 117 | 8 99 . 150 Maximum Alert Level 1 | . . . 1 Low Security (%) 84 | 100 100 . 65 Level 1 15 | . . . 34 Level 2 . | . . . . Level 3 . | . . . . Level 4 . | . . . . Level 5 . | . . . . High Security . | . . . . Max Security . | . . . . Squads Dispatched 1 | . 1 . . Investigation 1 | . 1 . . Extermination . | . . . . Reinforcement . | . . . . Assault . | . . . . Garrison . | . . . . Intercept . | . . . . Searches Triggered . | . . . . Construction Impeded . | . . . . Haulers Reinforced . | . . . . Active Scanning Responses . | . . . . Cargo Convoy Interrupts . | . . . . Stealth | -11 -10 -10 -7 --------- Run | Yrd Mat Sub Rec Distress Signals . | . . . . Communications Jammed . | . . . . Distress Signals . | . . . . Times Spotted 57 | . 15 38 4 Peak Tracking Total 5 | . 3 5 2 Tactical Retreats 3 | . 2 1 . Traps | -11 -10 -10 -7 ------- Run | Yrd Mat Sub Rec Traps Triggered 2 | . 2 . . Indirectly . | . . . . Trap Hack Attempts . | . . . . Triggered . | . . . . Disarmed . | . . . . Reprogrammed . | . . . . Reused . | . . . . Traps Extracted . | . . . . Installed . | . . . . Triggered 1 | . 1 . . Machines | -11 -10 -10 -7 ---------- Run | Yrd Mat Sub Rec Machines Disabled 1 | . . 1 . Max in Single Turn 1 | . . 1 . Machines Repaired . | . . . . Machines Dismantled . | . . . . Machines Sabotaged . | . . . . Overloaded Fab Kills . | . . . . Hacking | -11 -10 -10 -7 --------- Run | Yrd Mat Sub Rec Machines Accessed 13 | . 9 1 3 Terminals 8 | . 7 . 1 Fabricators . | . . . . Repair Stations 1 | . 1 . . Recycling Units 3 | . 1 . 2 Scanalyzers . | . . . . Garrison Access . | . . . . Total Hacks 40 | . 25 4 11 Successful 26 | . 14 4 8 Failed 14 | . 11 . 3 Catastrophic 1 | . . . 1 Database Lockouts . | . . . . Manual 25 | . 19 . 6 Terminals 23 | . 21 . 2 Fabricators . | . . . . Repair Stations 2 | . 2 . . Recycling Units 11 | . 2 . 9 Scanalyzers . | . . . . Garrison Access . | . . . . Terminal Hacks 9 | . 4 4 1 Record 4 | . . 4 . Robot Schematic 1 | . . . 1 Robot Analysis 3 | . 3 . . Registered Components 1 | . 1 . . Fabricator Hacks . | . . . . Repair Station Hacks 2 | . 2 . . Scan Component 1 | . 1 . . Repair 1 | . 1 . . Recycling Unit Hacks 2 | . 1 . 1 Retrieve Components 2 | . 1 . 1 Scanalyzer . | . . . . Garrison Access Hacks . | . . . . Unauthorized Hacks 13 | . 7 . 6 Terminals 7 | . 7 . . Track 2 | . 2 . . Botnet 5 | . 5 . . Fabricators . | . . . . Repair Stations . | . . . . Recycling Units 6 | . . . 6 Reject 2 | . . . 2 Recyclers 1 | . . . 1 Mask 1 | . . . 1 Tunnel 2 | . . . 2 Scanalyzers . | . . . . Garrison Access . | . . . . Data Cores Recovered . | . . . . Used . | . . . . Hacking Detections 12 | . 9 . 3 Full Trace Events 1 | . . . 1 Feedback Events 1 | . . . 1 Corruption 1 | . . . 1 Feedback Blocked . | . . . . Robot Schematics Acquired 1 | . . . 1 Robots Built . | . . . . Authchips . | . . . . Time . | . . . . Total Robot Build Rating . | . . . . Part Schematics Acquired . | . . . . Parts Built . | . . . . Authchips . | . . . . Time . | . . . . Total Part Build Rating . | . . . . Parts Repaired 1 | . 1 . . Time 26 | . 26 . . Parts Recycled . | . . . . Recycled Matter . | . . . . Retrieved Matter . | . . . . Retrieved Components 18 | . 9 . 9 Parts Scanalyzed . | . . . . Part Schematics Acquired . | . . . . Parts Damaged . | . . . . Bothacking | -11 -10 -10 -7 ------------ Run | Yrd Mat Sub Rec Used RIF Installer . | . . . . Robots Hacked . | . . . . Non-combat . | . . . . Combat . | . . . . Robot Hacks Applied . | . . . . Relay Couplers Released . | . . . . Fabnet Peak Effective % . | . . . . Robots Rewired . | . . . . Allies Hacked . | . . . . Hacks Repelled . | . . . . Allies | -11 -10 -10 -7 -------- Run | Yrd Mat Sub Rec Total Allies . | . . . . Largest Group . | . . . . Highest-Rated Group . | . . . . Highest-Rated Ally . | . . . . Total Orders . | . . . . Ally Attacks . | . . . . Total Damage . | . . . . Kills . | . . . . Allies Corrupted . | . . . . Allies Melted . | . . . . Intel | -11 -10 -10 -7 ------- Run | Yrd Mat Sub Rec Robot Analysis Total 3 | . 3 . . Derelict Logs Recovered 1 | . . 1 . Drone Launches . | . . . . Drone Recoveries . | . . . . Exploration | -11 -10 -10 -7 ------------- Run | Yrd Mat Sub Rec Turns Passed 4245 | 128 1314 1655 1148 Spaces Moved 2328 | 80 696 901 651 Core 8 | 8 . . . Treads 1233 | . 349 884 . Legs . | . . . . Wheels 1087 | 72 347 17 651 Hover . | . . . . Flight . | . . . . Fastest Speed 50 | 50 100 110 110 Average Speed 143 | 95 131 159 141 Slowest Speed 160 | 100 160 160 145 Overloaded Moves . | . . . . Propulsion Burnouts . | . . . . Robots Hopped . | . . . . Cave-ins Triggered . | . . . . Exploration Rate (%) 60 | 5 95 67 76 Regions Visited 3 Branch Regions 2 Pre-discovered Areas 2 | . . . 2 Known Exits Taken . | . . . . Unknown Exits Taken 3 | 1 1 1 . Scrap Searched 13 | . . 13 . Spaces Dug . | . . . . Terrain Destroyed 52 | . . 46 6 Melee . | . . . . Projectile 4 | . . 1 3 AOE 48 | . . 45 3 Terrain Rammed . | . . . . Walls Destroyed . | . . . . Machines Disabled . | . . . . Actions | -11 -10 -10 -7 --------- Run | Yrd Mat Sub Rec Total 2938 | 112 1027 1016 783 Wait 285 | . 238 15 32 Move 2325 | 79 695 900 651 Hop . | . . . . Pick Up 76 | 15 25 14 22 Fast Attach . | . . . . Attach 20 | 7 3 6 4 Detach . | . . . . Swap 32 | . 10 10 12 Drop 44 | . 17 13 14 Fire 156 | 11 39 58 48 Melee . | . . . . Ram . | . . . . Kick . | . . . . Crush . | . . . . Escape Stasis . | . . . . Rewire . | . . . . Trap . | . . . . Miscellaneous . | . . . . Route ------- -11/Scrapyard -10/Materials (discovered 5 exits: [*Mat x3] / [*Min] / *Sub) -10/Subcaves -7/Recycling (discovered 1 exit: [*Fac]) History --------- Turn | Location | Event 27 | -11/Scrapyard | Discovered new exit (range 15) 129 | -11/Scrapyard | Entered Materials 316 | -10/Materials | Build established: Mutant 625 | -10/Materials | Discovered new exit (range 9) 735 | -10/Materials | Discovered new exit (range 16) 1106 | -10/Materials | Discovered new exit (range 15) 1254 | -10/Materials | Discovered new exit (range 15) 1307 | -10/Materials | Repaired Lgt. Armor Plating 1429 | -10/Materials | Discovered new exit (range 10) 1443 | -10/Materials | Entered Subcaves 1454 | -10/Subcaves | Shifting Twisted Machinery released Mak. Shrapnel Gun 1456 | -10/Subcaves | Shifting Twisted Machinery released Sub. Optics 1766 | -10/Subcaves | Ambushed by angry Subdweller bent on revenge 1908 | -10/Subcaves | Visited Clippyterm 1913 | -10/Subcaves | Learned Research machine intel 2303 | -10/Subcaves | Learned Materials stockpile data 2613 | -10/Subcaves | A swath of the cavern ceiling suddenly collapsed 2700 | -10/Subcaves | Ambushed by Subdweller buried in earth 2702 | -10/Subcaves | Ambushed by Subdweller buried in earth 2865 | -10/Subcaves | Core integrity fell below 50% 2920 | -10/Subcaves | Shifting Twisted Machinery released Sub. Laser 3057 | -10/Subcaves | Discovered new exit (range 13) 3098 | -10/Subcaves | Entered Recycling 3099 | -7/Recycling | Found Scrap Engine 3598 | -7/Recycling | Discovered new exit (range 14) 3603 | -7/Recycling | Build established: Scavenger-Mutant 3958 | -7/Recycling | Build established: Hacker-Mutant 4228 | -7/Recycling | Core integrity fell below 20% 4246 | -7/Recycling | Destroyed by Y-54 Guardian with Gatling Laser Last Messages --------------- 04159_ R-06 Scavenger destroyed. 04172_ System corrupted: Heat flow error (+256). 04173_ Lgt. Ion Engine melted. 04173_ Com. Wheel melted. 04173_ R-06 Scavenger destroyed. 04204_ System corrupted: Energy discharge (-101). 04222_ D|CNG/GLON5&AFN&LKKQA1GHRXO11M 04223_ Y-54 Guardian springs to life. 04229_ Y-54 Guardian heat spikes uncontrollably. 04229_ Discarded Hacking Suite. 04230_ Y-54 Guardian heat spikes uncontrollably. 04230_ Y-54 Guardian critical meltdown. 04230_ Lgt. Treads melted. 04233_ Com. Wheel destroyed. 04236_ Gatling Laser destroyed. 04242_ Y-54 Guardian heat spikes uncontrollably. 04242_ Melted Imp. Light Armor Plating. 04246_ Y-54 Guardian heat damages Imp. Heat Sink. Map ----- +----------------------------------------------------+ | | | | | | | | | | | | | | | | | | | | | | | | | | | | | | | | | | | | | ?????????????????????????????????????????????????? | | ?????????????????????????????????????????????????? | | ????????????????????????#####????????????????????? | | ?????????????????????##?#"""#????????????????????? | | ???????????## ########%##"Y"###################### | | ?????????? Y ! | | ?????????? % !== | | ?????????? % @ =!%! | | ?????????????#########+#########+################+ | | ??????????????????????????#%* #?????# | | ??????????????????????????## #?????# | | ???????????????????????????# #?????# | | ???????????????????????????# #?????# | | ???????????????????????????# #?????# | | ???????????????????????????# #?????# | | ???????????????????????????# #?????# | | ???????????????????????????# #?????# | | ???????????????????????????#%#########?????# * | | ???????????????????????????###?????????????# [ | | ???????????????????????????????????????????# | | ???????????????????????????????????????????# ! | | ???????????????????????????????????????????####### | | ?????????????????????????????????????????????????? | | ?????????????????????????????????????????????????? | | ??????????????????????????????????????????#####??? | | ?????????????????????????????????###??????#]]]#??? | | ???????????????????????????????###%########]]]#### | | ???????????????????????????????# * + % | | ???????????????????????????????# #% % | | ???????????????????????????????# # % | | ??????????????????????????????## + | | ??????????????????????????????#%* ######### | +----------------------------------------------------+ Best States ------------- Heat Dissipation 39 Energy Generation 16 Energy Capacity 290 Matter Stores 300 Matter Capacity 300 Sight Range 16 Terrain Scan Range 16 Terrain Scan Density 10 Armor Coverage 150 Resistance: KI 20 Resistance: TH 20 Resistance: EX 20 Resistance: EM 20 Resistance: I 20 Resistance: S 20 Resistance: P 20 Core Shielding 20 Evasion (%) 40 Targeting Accuracy 5 Recoil Reduction 2 Offensive Hacking 20 Item Schematics ----------------- None Robot Schematics ------------------ G-47 Trooper | -7/Recycling | Hacked Fabricated ------------ Nothing Alien Tech Used ----------------- None Achievements -------------- None Challenges ------------ None Game ------ Seed SchematicWaveFalx Manual? 0 Play Time 00:28:14 Cumulative 500.0 hours Start 2024.07.21 @ 18:45:50 End 2024.07.21 @ 19:29:31 Sessions 1 Manual Loads 0 Difficulty Adventurer Special Mode None Game No. 89 Rogue 0 Adventurer 89 Explorer 0 Win Type - Total 6 Types 3/0/1/2/0/0/0/0/0 Lore% 60 Gallery% 81 Achievement% 69 Wizard Run 0 Options --------- Layout 2 ASCII 0 Keyboard 0 Movement Mouse Keybinds 0 Fullscreen 1 Font 24/Smallcaps Map View 50x49 Zoom Use 7% Tactical HUD 1 Map Filters NONE Filters NONE Steam 1 RUN: 2f64e776-d3ed-4e01-95f0-3ec62a339811